 Dungeon Sprint DCSS version 0.17-a0-1575-g9a29ec8 (webtiles) character file.

0 nuthulu the Covered (level 2, -1/20 HPs)
             Began as a Gargoyle Fighter on July 26, 2015.
             Was an Initiate of Okawaru.
             Slain by a crimson imp (3 damage)
             ... in the Dungeon (Sprint VI: "Thunderdome").
             The game lasted 00:00:53 (131 turns).

nuthulu the Covered (Gargoyle Fighter)               Turns: 131, Time: 00:00:53

Health: -1/20      AC:  9    Str: 24    XL:     2   Next: 70%
Magic:  2/2        EV:  7    Int:  8    God:    Okawaru [......]
Gold:   32         SH:  9    Dex:  9    Spells: 0 memorised, 1 level left

rFire  . . .     SeeInvis .     a - +0 flail
rCold  . . .     Clarity  .     b - +0 scale mail
rNeg   + . .     SustAt   .     c - +0 shield
rPois  ∞         Gourm    .     (no helmet)
rElec  +         Spirit   .     (no cloak)
rCorr  .         Warding  .     (no gloves)
rMut   .         NoTele   +     (no boots)
MR     .....                    (no amulet)
Stlth  ..........               (no ring)
                                (no ring)

@: mighty, not resistant to hostile enchantments, extremely unstealthy
A: negative energy resistance 1, electricity resistance, unbreathing,
petrification resistance, rot immunity, AC +2
a: Renounce Religion


You were in the Dungeon.
You worshipped Okawaru.
Okawaru was noncommittal.
You were not hungry.

You visited 1 branch You collected 200 gold pieces.
You spent 168 gold pieces at shops.

Inventory:

Hand weapons
 a - a +0 flail (weapon)
Armour
 b - a +0 scale mail (worn)
 c - a +0 shield (worn)
Magical devices
 l - a wand of cold (5)
 m - a wand of fire (5)
Scrolls
 k - 4 scrolls of blinking
 n - 3 scrolls of fog
Potions
 d - 5 potions of might
 f - a potion of curing
 g - 4 potions of heal wounds
 h - 4 potions of haste
 i - 2 potions of magic
 j - a potion of berserk rage
 o - a potion of resistance
Comestibles
 e - a bread ration


   Skills:
 + Level 4.2 Fighting
 + Level 3.3 Maces & Flails
 + Level 4.3 Armour
 + Level 4.2 Shields


You had one spell level left.
You didn't know any spells.

Dungeon Overview and Level Annotations

Branches:
Dungeon (1/1)

Altars:
Cheibriados
Dithmenos
Fedhas
Gozag
Kikubaaqudgha
Makhleb
Okawaru
Qazlal
Ru
Sif Muna
Trog
Vehumet
Xom
Yredelemnul
Zin
The Shining One
Jiyva
Lugonu

Shops:
D *[%??*?*:[((!!!!


Innate Abilities, Weirdness & Mutations

You are resistant to torment.
Your stone body is resilient (AC +2).
You are immune to poison.
You resist negative energy.
You are resistant to electric shocks.
You can survive without breathing.
You are immune to petrification.
You are immune to rotting.


Message History

You block the crimson imp's attack.
You closely miss the crimson imp.
The crimson imp is heavily wounded.
The crimson imp blinks!
The crimson imp hits you. The white imp gestures at you.
The puff of frost hits you!
You barely miss the white imp.
The crimson imp hits you but does no damage.
The white imp gestures at you. The puff of frost hits you!
* * * LOW HITPOINT WARNING * * *
You closely miss the white imp.
The crimson imp hits you but does no damage.
The white imp barely misses you.
The crimson imp blinks!
You sock the white imp!
You kill the white imp!
Okawaru accepts your kill. The crimson imp hits you.
You die...

⌠..........###...###..........
#.............###.............
###∩........8.# #.8........∩##
##∩__.......###......___∩##
######.8.........8.######
#⌠...........⌠#
###.........### #_........#
#_.@....._# #_.5......#
#∩.......∩# ##∩.....∩##
##.....## ##⌠⌠⌠## #####


You could see a crimson imp.

Vanquished Creatures
  2 white imps (D)
  An ufetubus (D)
3 creatures vanquished.

Notes
Turn   | Place    | Note
--------------------------------------------------------------
     0 | D        | nuthulu the Gargoyle Fighter began the quest for the Orb.
     0 | D        | Reached XP level 1. HP: 14/14 MP: 1/1
     1 | D        | Found an iron altar of Okawaru.
     1 | D        | Found a basalt altar of Yredelemnul.
     5 | D        | Found an ancient bone altar of Kikubaaqudgha.
     5 | D        | Round 1.
     6 | D        | Found a corrupted altar of Lugonu.
     6 | D        | Found a viscous altar of Jiyva.
     7 | D        | Found Bitijul's Distillery.
     7 | D        | Found a shimmering altar of Xom.
     7 | D        | Found a glowing golden altar of the Shining One.
     7 | D        | Found Seloo's Do-It-Yourself Clinic.
     8 | D        | Found Beluphes's Distillery.
     8 | D        | Found Vosoq's Bottled Wisdom.
    15 | D        | Bought 6 potions of might for 168 gold pieces
    18 | D        | Became a worshipper of Warmaster Okawaru
    36 | D        | Found an opulent altar of Gozag.
    38 | D        | Found a radiant altar of Vehumet.
    38 | D        | Found a burning altar of Makhleb.
    38 | D        | Found a glowing silver altar of Zin.
    38 | D        | Found Zuujivoa's Weapon Rack.
    38 | D        | Found Xoniecve's Premium Goods.
    39 | D        | Found Ciuxusmi's Basic Armour.
    39 | D        | Found Cionniq's Miscellaneous Merchandise.
    43 | D        | Found a stormy altar of Qazlal.
    44 | D        | Found a blossoming altar of Fedhas.
    45 | D        | Found Gyck's Identification Station.
    45 | D        | Found a deep blue altar of Sif Muna.
    45 | D        | Found a bloodstained altar of Trog.
    45 | D        | Found Perat's Bee Food.
    46 | D        | Found Viucurr Viwu's Advanced Armour.
    46 | D        | Found Kuclin's Jewellery.
    51 | D        | Found a sacrificial altar of Ru.
    52 | D        | Reached skill level 4 in Fighting
    52 | D        | Reached XP level 2. HP: 9/20 MP: 2/2
    53 | D        | Found a snail-covered altar of Cheibriados.
    54 | D        | Found Uckud's Magic Scroll Shop.
    55 | D        | Found a shadowy altar of Dithmenos.
    55 | D        | Found Jyjeutui's Staff Store.
    55 | D        | Found Yjiy's Magic Scroll Shop.
    55 | D        | Found Tukh's Must-Have Magic.
   126 | D        | HP: 1/20 [white imp/puff of frost (8)]
   131 | D        | Slain by a crimson imp

Vault maps used:
D:        arena_sprint

Action                   || total
-------------------------++-------
Melee: Flail             ||    20
  Use: Potion            ||     2
